Unix NetHack Version 5.0.0-0 post-release - last build Jun 10 2026 00:39:30 (3ee93aec679c4c4259841fe613dc97188e26a321,branch:main).

Game began 2026-06-09 23:54:49, ended 2026-06-11 07:45:24.

Booker, lawful male human Knight

                            --           ----
                           --.------     |..
                           |........------.
                           |............. .
                            -............|.-
                            -............|.|      --
                              -............|   ---.--
                            ---............-----....|
                            |................|.....-
                            |.................@....--
                            ---.............hGu.....|
                              --.........G...G......|
                               |..................----        ---
                               |.............|.......--      -..|
                               #---.........----..--..---  --...|
                                  ---.......-  |..---.<.----.>.-
                                    ---......  --..  --.......--
                                      .......   |...  ---------
                                     ---.|..-   --...
                                       ------     --..
                                                    ---
Booker the Gallant       St:15 Dx:8 Co:11 In:8 Wi:16 Ch:17  Lawful S:348
Dlvl:4  $:30 HP:0(19) Pw:14(14) AC:3  Xp:2/37 T:1453  Burdened

Latest messages:
 The gnome shoots an arrow!
 You are hit by an arrow.
 The gnome shoots an arrow!
 The arrow hits MrEd.
 The gnome throws an aklys!
 An aklys misses you.
 The gnome throws an aklys!
 You are hit by an aklys.
 MrEd hits the gnome.
 MrEd misses the gnome.
 The gnome swings his bow at MrEd.
 The gnome misses MrEd.
 The gnome picks up an arrow.
 The gnome throws an aklys!
 An aklys misses you.
 MrEd misses the gnome.
 MrEd bites the gnome.
 The gnome swings his bow at MrEd.
 The gnome misses MrEd.
 MrEd misses the gnome.
 MrEd bites the gnome.
 MrEd hits the gnome.
 The gnome is killed!
 MrEd misses the dwarf.
 MrEd bites the dwarf.
 The dwarf wields a dagger!
 MrEd misses the dwarf.
 MrEd bites the dwarf.
 The dwarf thrusts her dagger at MrEd.
 The dwarf misses MrEd.
 You swap places with MrEd.
 MrEd hits it.
 MrEd misses it.
 MrEd hits it.
 MrEd bites it.
 It thrusts its dagger at MrEd.
 It hits MrEd.
 The gnome lord picks up a bow.
 You hit the gnome lord.
 You hit the gnome lord.
 The gnome lord hits!
 You miss the gnome lord.
 The gnome lord hits!
 MrEd hits the gnome.
 MrEd misses the gnome.
 The gnome misses MrEd.
 MrEd misses the gnome.
 MrEd misses the gnome.
 The gnome lord hits!
 You die...

Inventory:
 Coins    ('$')
  $ - 30 gold pieces
 Weapons  (')')
  a - a blessed +1 long sword (weapon in right hand)
  b - an uncursed +1 lance (alternate weapon; not wielded)
 Armor    ('[')
  d - an uncursed +0 helmet (being worn)
  f - an uncursed +0 pair of leather gloves (being worn)
  e - a blessed +0 small shield (being worn)
  c - an uncursed +1 ring mail (being worn)
 Comestibles  ('%')
  s - an uncursed mango
  g - 10 uncursed apples
  h - 12 uncursed carrots
  m - 2 uncursed food rations
  C - 2 uncursed fortune cookies
  F - a cursed tripe ration
 Spellbooks  ('+')
  o - an uncursed spellbook of healing
 Potions  ('!')
  v - an uncursed potion of blindness
  q - 2 blessed potions of booze
  z - an uncursed potion of extra healing
  y - an uncursed potion of hallucination
  j - 2 blessed potions of healing
  l - 2 uncursed potions of healing
  u - an uncursed potion of healing
  r - an uncursed potion of invisibility
  E - a blessed potion of monster detection
  t - an uncursed potion of monster detection
  p - an uncursed potion of water
 Tools    ('(')
  B - an uncursed skeleton key
  i - an uncursed tin whistle
  k - an uncursed towel
 Gems/Stones  ('*')
  w - 2 uncursed worthless pieces of black glass
  G - 2 uncursed worthless pieces of violet glass
  A - a cursed flint stone

Booker the Knight's attributes:

Background:
 You were a Gallant, a level 2 male human Knight.
 You were lawful, nominally on a mission for Lugh
 who was opposed by Brigit (neutral) and Manannan Mac Lir (chaotic).
 You were right-handed.
 You were in the Gnomish Mines, on level 4.
 You entered the dungeon 1453 turns ago.
 You had 37 experience points, 3 more were needed to attain level 3.
 Your score was 348 before end-of-game adjustments.

Basics:
 You had 0 out of 19 hit points.
 You had all 14 energy points (spell power).
 Your armor class was 3.
 Your wallet contained 30 zorkmids.
 Autopickup was on for '$%?!"=/' plus thrown, with exceptions.

Final Characteristics:
 Your strength was 15 (limit:18/100).
 Your dexterity was 8 (limit:18).
 Your constitution was 11 (limit:18).
 Your intelligence was 8 (limit:18).
 Your wisdom was 16 (limit:18).
 Your charisma was 17 (limit:18).

Final Status:
 You weren't hungry.
 You were burdened; movement was slightly slowed.
 You were wielding a long sword.
 You had basic skill with long sword.

Final Attributes:
 You were devoutly aligned.
 You could jump.
 You were warded.
 You are dead.

Miscellaneous:
 You disabled loading and storing of bones levels.
 Total elapsed playing time was 1 hour, 1 minute and 46 seconds.

Major events:
 Turn
    1: Booker the lawful male human Knight entered the dungeon
 1379: entered the Gnomish Mines
 1453: killed by a gnome lord

You didn't know any spells.

Skills:
 Fighting Skills
   bare handed combat [Unskilled]
   two weapon combat  [Unskilled]
   riding             [Basic]
 Weapon Skills
   dagger             [Unskilled]
   knife              [Unskilled]
   axe                [Unskilled]
   pick-axe           [Unskilled]
   short sword        [Unskilled]
   broadsword         [Unskilled]
   long sword         [Basic]
   two-handed sword   [Unskilled]
   saber              [Unskilled]
   club               [Unskilled]
   mace               [Unskilled]
   morning star       [Unskilled]
   flail              [Unskilled]
   hammer             [Unskilled]
   polearms           [Unskilled]
   spear              [Unskilled]
   trident            [Unskilled]
   lance              [Basic]
   bow                [Unskilled]
   crossbow           [Unskilled]
 Spellcasting Skills
   attack spells      [Unskilled]
   healing spells     [Unskilled]
   clerical spells    [Unskilled]

Voluntary challenges:
 Character rerolling was not enabled.
 You were an atheist.
 You never genocided any monsters.
 You never polymorphed an object.
 You never changed form.
 You used no wishes.
Achievements:
 You entered a shop.
 You entered the Gnomish Mines.

 The Dungeons of Doom: levels 1 to 3
    Level 1:
       A fountain.
    Level 2:
       A food shop.
    Level 3:
       A potion shop, a fountain.
       Stairs down to The Gnomish Mines.
 The Gnomish Mines:
    Level 4: <- You were here.
       Final resting place for
          you, killed by a gnome lord.


Vanquished creatures:
  3 acid blobs
  a hobbit
  a large kobold
  3 gnomes
  4 jackals
  a goblin
  2 sewer rats
  a grid bug
  2 lichens
  4 newts
22 creatures vanquished.

No species were genocided or became extinct.

Game over:
                       ----------
                      /          \
                     /    REST    \
                    /      IN      \
                   /     PEACE      \
                  /                  \
                  |      Booker      |
                  |      30 Au       |
                  |   killed by a    |
                  |    gnome lord    |
                  |                  |
                  |                  |
                  |       2026       |
                 *|     *  *  *      | *
        _________)/\\_//(\/(/\)/\//\/|_)_______

Fare thee well Booker the Knight...

You died in The Gnomish Mines on dungeon level 4 with 345 points,
and 30 pieces of gold, after 1453 moves.
You were level 2 with a maximum of 19 hit points when you died.

